 Dungeon Crawl Stone Soup version 0.21.0-3-g78d12a8bdd (webtiles) character file.

77197 UranusSolar the Severer (level 15, -14/187 HPs)
             Began as a Minotaur Berserker on Jan 16, 2018.
             Was the Champion of Trog.
             Killed from afar by a wretched star (25 damage)
             ... with an orb of energy
             ... on level 1 of the Abyss.
             The game lasted 01:49:34 (24347 turns).

UranusSolar the Severer (Minotaur Berserker)       Turns: 24347, Time: 01:49:35

Health: -14/187    AC: 27    Str: 27    XL:     15   Next: 14%
Magic:  9/9        EV:  2    Int:  0    God:    Trog [******]
Gold:   1033       SH:  0    Dex: 11    Spells: 14/14 levels left

rFire    . . .     SeeInvis .   U - +5 battleaxe (chop)
rCold    . . .     Gourm    .   (shield currently unavailable)
rNeg     + + +     Faith    .   (armour currently unavailable)
rPois    +         Spirit   .   (helmet currently unavailable)
rElec    .         Reflect  .   (cloak currently unavailable)
rCorr    .         Harm     .   (gloves currently unavailable)
MR       +....     NoTele   +   (boots currently unavailable)
Stlth    +.........             (no amulet)
HPRegen  0.41/turn              o - ring of flight
MPRegen  0.11/turn              (no ring)

@: tree-form, berserk cooldown, slowed, lost intelligence, very slow
A: (retaliatory headbutt), [blurry vision 2], dopey 1[+1], frail 1, [low mp 3],
[screaming 1], MP-powered wands
a: Berserk, Trog's Hand, Brothers in Arms, Burn Spellbooks, Renounce Religion


You were on level 1 of the Abyss.
You worshipped Trog.
Trog was exalted by your worship.
You were very hungry.
You were a tree.
You visited 2 branches of the dungeon, and saw 17 of its levels.
You visited the Abyss 1 time.

You collected 1705 gold pieces.
You spent 672 gold pieces at shops.

Inventory:

Hand Weapons
 l - a +1 executioner's axe of freezing
 v - the cursed +0 whip of Untruth {vamp, rC+}
   (You found it on level 4 of the Dungeon)

   It inflicts no extra harm, but heals its wielder when it wounds a living foe.
   It protects you from cold.
   It has a curse placed upon it.
 D - a +0 falchion of holy wrath
 F - a +1 antimagic broad axe
 I - a +2 scythe of flaming
 J - a +0 lajatang
 K - a +5 antimagic quarterstaff
 S - a +3 glaive of distortion
 U - a +5 battleaxe of chopping (weapon)
Armour
 m - a +0 cloak (melded)
 n - a +2 pair of boots (melded)
 E - a +2 pair of gloves (melded)
 R - a +0 troll leather armour
 V - the +1 plate armour of Cloud Cover {rC+ Int+4 Dex+3}
   (You bought it in a shop on level 11 of the Dungeon)

   It affects your intelligence (+4).
   It affects your dexterity (+3).
   It protects you from cold.
 Y - a +2 plate armour of magic resistance (melded)
Jewellery
 o - a ring of flight (left branch)
 x - an uncursed ring of protection from cold {unknown}
 y - an uncursed amulet of rage {unknown}
 B - an uncursed ring of fire
 G - an uncursed ring of fire
Wands
 w - a wand of disintegration (16)
 C - a wand of flame (62)
 H - a wand of acid (7)
 M - a wand of polymorph (19)
 Q - a wand of clouds (4)
Scrolls
 a - a scroll of brand weapon {unknown}
 f - a scroll of fear
 h - 2 scrolls of fog
 k - 5 scrolls of teleportation
 p - 8 scrolls of remove curse
 q - a scroll of random uselessness
 s - a scroll of amnesia
 z - 3 scrolls of immolation
 N - a scroll of silence {unknown}
 O - 2 scrolls of magic mapping {unknown}
 T - a scroll of enchant armour {unknown}
 X - a scroll of vulnerability {unknown}
Potions
 b - 2 potions of berserk rage
 d - 3 potions of flight
 e - 3 potions of agility
 i - 2 potions of mutation {unknown}
 j - 10 potions of degeneration
 r - 5 potions of brilliance
 t - 2 potions of cancellation
 u - a potion of resistance {unknown}
 A - 4 potions of curing
 L - a potion of might {unknown}
 P - a potion of haste
 Z - 2 potions of lignification
Comestibles
 c - 20 rations


   Skills:
 + Level 14.6 Fighting
 * Level 16.3(17.2) Axes
 - Level 10.0(15.2) Polearms
 - Level 9.7(11.4) Staves
 + Level 14.8 Armour
 + Level 11.3 Dodging


You had 14 spell levels left.
You didn't know any spells.

Dungeon Overview and Level Annotations

Branches:
Dungeon (15/15)            Temple (0/1) D:4            Lair (0/6) D:9
    Orc (2/2) D:12            Elf (0/3) Orc:2        Vaults (0/5) D:13
 Depths: D:15

Altars:
Makhleb
Okawaru
Ru
Wu Jian
Yredelemnul

Shops:
D:11 ![(*[   Orc:1 ?   Orc:2 [%:*

Portals:
Pandemonium: Orc:2


Innate Abilities, Weirdness & Mutations

((You reflexively headbutt those who attack you in melee.))
((You have a pair of horns on your head.))
You are frail. (-10% HP)
You expend magic power (3 MP) to strengthen your wands.
[Scrolls take you longer to read.]
[((Armour fits poorly on your strangely shaped body.))]
[You are very dopey. (Int -4)]
[Your magical capacity is extremely low. (-30% MP)]
[You occasionally shout uncontrollably at your foes.]


Message History

Aiming: Polymorph
Press: ? - help, Shift-Dir - straight line, f - wretched star
Aim: a wretched star (lightly damaged, magic immune)
Okay, then.
You turn into a tree.
Your +0 cloak melds into your body.
Your +2 pair of gloves melds into your body.
Your +2 pair of boots melds into your body.
Your +2 plate armour of magic resistance melds into your body.
You feel less resistant to hostile enchantments.
Your roots penetrate the ground.
You slice the wretched star!!
The wretched star is heavily damaged.
The wretched star pulses with an eldritch light!
You feel less energetic. x2; Your vision blurs. x2
You slice the wretched star!!
The wretched star is almost destroyed.
You hear a bellow!
The wretched star glows turbulently.
The orb of energy hits you!
You die...

#.. . # #. ......#
#....# # #..
..#..###. #.##. # ...
....#. # ...#. ###'#
...#..# #. .#.
#....###...#.#... ...
# ...........# .. ..
.
...........#.....#..
.
.......♣*........###
.
############....#..##
# .#..# . # ## . #
... .## .#.. .# #
.### . # #.


You could see a wretched star.

Vanquished Creatures
  A bone dragon (Abyss:1)
  Rupert (D:13)
  A tentacled starspawn (Abyss:1)
  Josephine (D:15)
  An ettin (Orc:2)
  Erolcha (D:9)
  Fannar (D:11)
  3 hydras
  A naga warrior (Abyss:1)
  8 centaur warriors
  6 two-headed ogres
  5 orc high priests
  Nergalle (D:10)
  2 sixfirhies (Abyss:1)
  A wretched star (Abyss:1)
  A glowing orange brain (Abyss:1)
  2 skeletal warriors (D:14)
  A torturous demonspawn (Orc:2)
  2 unseen horrors
  The ghost of Yermak the Cleaver, a novice DDFi of Makhleb (D:9)
  5 orc knights
  The ghost of Esekla the Cutter, a novice DgEn (D:8)
  4 ugly things (D:14)
  9 orc sorcerers (Orc:2)
  2 deep elf magi
  3 cyclopes
  A cyclops (shapeshifter) (D:14)
  2 manticores
  A guardian serpent (Abyss:1)
  A naga mage (Abyss:1)
  A rust devil (Orc:2)
  Maurice (D:11)
  An orange demon (Abyss:1)
  5 centaur skeletons
  5 gargoyles
  A kobold demonologist (D:13)
  2 komodo dragons
  An ice devil (Orc:2)
  An ancient zyme (Abyss:1)
  2 hellwings
  5 trolls
  3 large abominations (Abyss:1)
  7 hippogriffs
  8 slime creatures
  A meliai zombie (D:12)
  3 starcursed masses (Abyss:1)
  2 shadows
  18 flying skulls (D:14)
  3 ynoxinuls
  3 wyverns (D:9)
  18 yaks
  4 wraiths (D:12)
  2 golden eyes (Abyss:1)
  4 hogs (D:7)
  3 hungry ghosts
  2 basilisks
  15 humans
  Menkaure (D:4)
  2 spatial vortices (D:13)
  3 nagas (Abyss:1)
  2 wargs
  A water moccasin (D:9)
  Duvessa (D:4)
  3 ice beasts
  27 orc warriors
  2 swamp drakes
  A sky beast (D:11)
  An eye of draining (Abyss:1)
  A black bear (D:11)
  16 ogres
  4 phantoms
  A necrophage (D:9)
  2 crocodiles (D:9)
  9 centaurs
  2 big kobolds
  9 bullfrogs
  Dowan (D:4)
  A gnoll sergeant (D:7)
  A water moccasin zombie (D:12)
  4 scorpions
  9 killer bees
  2 howler monkeys
  7 wights
  9 crimson imps
  A bullfrog zombie (D:5)
  A quasit (D:6)
  4 centaur zombies
  5 hounds
  4 jellies
  31 orc priests
  2 gnoll shamans
  3 bullfrog skeletons
  6 iguanas
  11 orc wizards
  19 worker ants
  A small abomination (Abyss:1)
  2 hound zombies (D:8)
  2 hound skeletons
  A worker ant zombie (D:5)
  15 gnolls
  A howler monkey skeleton (D:9)
  17 adders
  6 shadow imps
  2 white imps
  An ufetubus (Abyss:1)
  An ooze (D:1)
  An adder zombie (D:5)
  An adder skeleton (D:5)
  4 worms
  3 dart slugs
  11 leopard geckos
  89 orcs
  2 ball pythons
  5 giant cockroaches
  4 goblins
  6 hobgoblins
  4 jackals (D:1)
  22 kobolds
  3 quokkas
  6 bats
  2 frilled lizards
  3 rats
615 creatures vanquished.

Vanquished Creatures (collateral kills)
  A red devil (Orc:2)
  6 orc warriors (Orc:2)
  An orc priest (Orc:2)
  An orc (Orc:2)
9 creatures vanquished.

Vanquished Creatures (others)
  An unseen horror (D:13)
  A slime creature (D:13)
  2 yaks
  A sky beast (D:12)
  A crocodile (D:9)
  An orc (D:12)
  2 starspawn tentacles (Abyss:1)
9 creatures vanquished.

Grand Total: 633 creatures vanquished

Notes
Turn   | Place    | Note
-------+----------+-------------------------------------------
     0 | D:1      | UranusSolar the Minotaur Berserker began the quest for the Orb.
     0 | D:1      | Reached XP level 1. HP: 19/19 MP: 0/0
    30 | D:1      | Reached skill level 4 in Axes
    79 | D:1      | Reached XP level 2. HP: 25/27 MP: 1/1
  1354 | D:2      | Reached XP level 3. HP: 22/33 MP: 2/2
  1616 | D:2      | Reached skill level 5 in Axes
  1683 | D:2      | Reached ** piety under Trog
  1816 | D:2      | Reached XP level 4. HP: 32/41 MP: 3/3
  2203 | D:3      | Reached skill level 6 in Axes
  2203 | D:3      | Reached XP level 5. HP: 47/47 MP: 4/4
  2257 | D:3      | Found a sacrificial altar of Ru.
  2327 | D:3      | Found an ornate altar of the Wu Jian Council.
  2437 | D:3      | Reached skill level 5 in Fighting
  2909 | D:4      | Noticed Duvessa
  2916 | D:4      | Noticed Dowan
  2918 | D:4      | Killed Duvessa
  2918 | D:4      | Reached skill level 7 in Axes
  2918 | D:4      | Reached XP level 6. HP: 57/57 MP: 5/5
  2924 | D:4      | Killed Dowan
  3060 | D:4      | Reached skill level 8 in Axes
  3103 | D:4      | Reached XP level 7. HP: 59/63 MP: 6/6
  3136 | D:4      | Got a bloodstained whip
  3138 | D:4      | Identified the cursed +0 whip of Untruth {vamp, rC+} (You found it on level 4 of the Dungeon)
  3407 | D:4      | Reached *** piety under Trog
  3617 | D:4      | Reached skill level 9 in Axes
  3851 | D:4      | Found a staircase to the Ecumenical Temple.
  3856 | D:4      | Noticed Menkaure
  3869 | D:4      | Killed Menkaure
  4197 | D:5      | Entered Level 5 of the Dungeon
  4254 | D:5      | Reached XP level 8. HP: 73/73 MP: 7/7
  4256 | D:5      | Reached skill level 10 in Axes
  4682 | D:5      | Found a burning altar of Makhleb.
  5303 | D:6      | Reached skill level 11 in Axes
  5372 | D:6      | Reached **** piety under Trog
  5927 | D:7      | Reached XP level 9. HP: 82/82 MP: 8/8
  5999 | D:7      | Reached skill level 12 in Axes
  6609 | D:7      | Reached skill level 13 in Axes
  6689 | D:7      | Found a basalt altar of Yredelemnul.
  6808 | D:7      | Reached skill level 10 in Fighting
  7181 | D:8      | Reached XP level 10. HP: 94/94 MP: 9/9
  7244 | D:8      | Found an iron altar of Okawaru.
  7253 | D:8      | Reached skill level 14 in Axes
  7652 | D:8      | Reached ***** piety under Trog
  7734 | D:8      | Noticed a two-headed ogre
  7740 | D:8      | Killed a two-headed ogre
  7934 | D:8      | Reached skill level 1 in Polearms
  7940 | D:8      | Reached skill level 1 in Staves
  8029 | D:8      | Noticed Esekla's ghost (novice DgEn)
  8162 | D:8      | Killed Esekla's ghost
  8566 | D:9      | Noticed a two-headed ogre
  8572 | D:9      | Killed a two-headed ogre
  8590 | D:9      | Noticed Yermak's ghost (novice DDFi)
  8623 | D:9      | Killed Yermak's ghost
  8785 | D:9      | Reached skill level 5 in Staves
  9056 | D:9      | Received a gift from Trog
  9274 | D:9      | Reached XP level 11. HP: 96/104 MP: 3/10
  9314 | D:9      | Noticed Erolcha
  9320 | D:9      | Killed Erolcha
  9320 | D:9      | Reached skill level 5 in Polearms
  9457 | D:9      | Found a staircase to the Lair.
  9507 | D:10     | Entered Level 10 of the Dungeon
 10625 | D:10     | Noticed a two-headed ogre
 10634 | D:10     | Killed a two-headed ogre
 10907 | D:10     | Reached skill level 5 in Armour
 11129 | D:10     | Noticed Nergalle
 11137 | D:10     | Killed Nergalle
 11369 | D:11     | Found Roirgheni's Antique Armour Shoppe.
 11431 | D:11     | Found Ras Dacu's Antique Armour Shoppe.
 11542 | D:11     | Received a gift from Trog
 11546 | D:11     | Found Syelow's Antique Weapon Emporium.
 11733 | D:11     | Noticed Fannar
 11742 | D:11     | Killed Fannar
 11819 | D:11     | Noticed a two-headed ogre
 11825 | D:11     | Killed a two-headed ogre
 11852 | D:11     | Reached XP level 12. HP: 87/111 MP: 11/11
 12022 | D:11     | Noticed Maurice
 12023 | D:11     | Found a sacrificial altar of Ru.
 12029 | D:11     | Killed Maurice
 12078 | D:11     | Found Nane's Distillery.
 12164 | D:11     | Found Maimpuarch's General Store.
 13766 | D:12     | Reached skill level 5 in Dodging
 13855 | D:12     | Noticed Josephine
 14203 | D:12     | Found a staircase to the Orcish Mines.
 15241 | D:13     | Reached skill level 10 in Armour
 15253 | D:13     | Noticed a centaur warrior
 15278 | D:13     | Killed a centaur warrior
 15319 | D:13     | Noticed a two-headed ogre
 15325 | D:13     | Killed a two-headed ogre
 15325 | D:13     | Reached ****** piety under Trog
 15735 | D:13     | Noticed Rupert
 15743 | D:13     | Killed Rupert
 15743 | D:13     | Reached XP level 13. HP: 117/117 MP: 4/12
 15808 | D:13     | Found a gate to the Vaults.
 15880 | D:13     | Received a gift from Trog
 16006 | D:13     | Reached skill level 10 in Polearms
 16741 | Orc:1    | Entered Level 1 of the Orcish Mines
 17188 | Orc:1    | Found Olihebue's Magic Scroll Boutique.
 17637 | D:11     | Bought a faintly humming plate armour for 672 gold pieces
 17647 | D:11     | Identified the cursed +1 plate armour of Cloud Cover {rC+ Int+4 Dex+3} (You bought it in a shop on level 11 of the Dungeon)
 17732 | Orc:2    | Entered Level 2 of the Orcish Mines
 17859 | Orc:2    | Found a staircase to the Elven Halls.
 17905 | Orc:2    | Received a gift from Trog
 17909 | Orc:2    | Found Soumpoad's Food Boutique.
 17916 | Orc:2    | Reached skill level 15 in Axes
 17919 | Orc:2    | Found Gaempapa's General Store.
 20039 | Orc:2    | Noticed an ettin
 20046 | Orc:2    | Killed an ettin
 20480 | Orc:2    | Gained mutation: You expend magic power (3 MP) to strengthen your wands. [a neqoxec]
 20480 | Orc:2    | Gained mutation: You are frail. (-10% HP) [a neqoxec]
 20481 | Orc:2    | Gained mutation: [You are dopey. (Int -2)] [a neqoxec]
 20934 | Orc:2    | Reached XP level 14. HP: 116/116 MP: 13/13
 20945 | Orc:2    | Found Quiveli's Antique Armour Shoppe.
 20945 | Orc:2    | Found Umuqik's Book Emporium.
 20946 | Orc:2    | Found a one-way gate leading to the halls of Pandemonium.
 21153 | D:14     | Received a gift from Trog
 21164 | D:14     | Found the +3 giant club "Skullcrusher" {speed, Str+7}
 21479 | D:14     | Reached skill level 10 in Dodging
 23514 | D:15     | Entered Level 15 of the Dungeon
 23542 | D:15     | Received a gift from Trog
 23550 | D:15     | Killed Josephine
 23968 | D:15     | Cast into level 1 of the Abyss (salamander)
 23968 | Abyss:1  | Found a corrupted altar of Lugonu.
 24115 | Abyss:1  | Noticed a starcursed mass
 24178 | Abyss:1  | Reached skill level 16 in Axes
 24183 | Abyss:1  | Noticed a tentacled starspawn
 24202 | Abyss:1  | Killed a tentacled starspawn
 24229 | Abyss:1  | Reached XP level 15. HP: 70/125 MP: 9/14
 24323 | Abyss:1  | Noticed a bone dragon
 24337 | Abyss:1  | Lost intelligence.
 24342 | Abyss:1  | Killed a bone dragon
 24343 | Abyss:1  | HP: 4/125 [wretched star/orb of energy (37)]
 24347 | Abyss:1  | Killed from afar by a wretched star

Skill      XL: |  1  2  3  4  5  6  7  8  9 10 11 12 13 14 |
---------------+-------------------------------------------+-----
Axes           | 4 5 6 7 8 9 11 13 14 15 16 | 16.3
Fighting       | 4 5 6 7 8 10 11 13 14 | 14.6
Polearms       | 4 7 9 10 | 10.0
Staves         | 5 9 |  9.7
Armour         | 7 11 13 14 | 14.8
Dodging        | 3 6 9 11 | 11.3

Action                   |  1- 3 |  4- 6 |  7- 9 | 10-12 | 13-15 || total
-------------------------+-------+-------+-------+-------+-------++-------
Melee: Hand axe          |    78 |    92 |    13 |       |       ||   183
       Headbutt          |    15 |    22 |    58 |   121 |   143 ||   359
       War axe           |       |       |   220 |   123 |       ||   343
       Lajatang          |       |       |       |    68 |       ||    68
       Quarterstaff      |       |       |       |   234 |       ||   234
       Glaive            |       |       |       |   147 |       ||   147
       Battleaxe         |       |       |       |       |   431 ||   431
       Scythe            |       |       |       |       |    70 ||    70
       Broad axe         |       |       |       |       |   106 ||   106
Invok: Berserk           |       |     2 |     9 |    27 |    18 ||    56
       Burn Spellbooks   |       |       |       |     6 |     2 ||     8
       Trog's Hand       |       |       |       |       |     3 ||     3
       Brothers in Arms  |       |       |       |       |     1 ||     1
  Use: Scroll            |       |       |     7 |     5 |    18 ||    30
       Potion            |       |       |       |     1 |     8 ||     9
 Stab: Confused          |       |       |       |     1 |       ||     1
  Eat: Chunk             |     3 |     6 |    20 |    37 |    18 ||    84
       Ration            |       |       |       |     6 |     8 ||    14
Armor: Animal skin       |     8 |       |       |       |       ||     8
       Ring mail         |     3 |    48 |    54 |       |       ||   105
       Plate armour      |       |       |    61 |   355 |   471 ||   887
Dodge: Dodged            |    52 |    59 |   141 |   230 |   412 ||   894
